 Dungeon Crawl Stone Soup version 0.29-a0-330-g52719c12eb (webtiles) character file.

Game seed: 12330987949163342916

169243 night the Marksdraconian (level 17, -3/167 HPs)
             Began as a Green Draconian Hunter on May 1, 2022.
             Was the Champion of Jiyva.
             Killed from afar by a nagaraja (12 damage)
             ... with a poison arrow
             ... on level 4 of the Snake Pit on May 4, 2022.
             The game lasted 01:52:51 (25575 turns).

night the Marksdraconian (Green Draconian Hunter)  Turns: 25575, Time: 01:52:51

Health: -3/167     AC: 13    Str: 17    XL:     17   Next: 35%
Magic:  17/26      EV: 20    Int: 14    God:    Jiyva [******]
Gold:   966        SH:  0    Dex: 19    Spells: 13/29 levels left

rFire   + + +      SeeInvis +   a - +4 longbow of the Spectre {venom, rN+}
rCold   . . .      Faith    .   (shield currently unavailable)
rNeg    + . .      Spirit   .   (body armour unavailable)
rPois   +          Reflect  .   B - +1 hat
rElec   .          Harm     .   e - +0 cloak {Will+}
rCorr   +          Rampage  .   (gloves unavailable)
Will    ++...                   x - +0 pair of boots
Stlth   ++........              H - amulet of regeneration
HPRegen 2.77/turn               h - ring of the Enormous God {rF++ EV+4 Slay+3}
MPRegen 0.70/turn               p - ring of wizardry

@: lethally poisoned (-3 -> -4), about to teleport
A: breathe noxious fumes, AC +9, unfitting armour, stinger 1, poison resistance,
cold-blooded, claws 3, horns 1, see invisible, clever 1, fire resistance 1,
sense surroundings 3, robust 1, strong 1, gelatinous body 1, evolution 1, jelly
absorbing missiles
a: Breathe Noxious Fumes, Renounce Religion, Oozemancy, Slimify


You were on level 4 of the Snake Pit.
You worshipped Jiyva.
Jiyva was exalted by your worship.
You visited 4 branches of the dungeon, and saw 27 of its levels.
You also visited: Sewer, Ossuary and Bailey.

You collected 2709 gold pieces.
You spent 1743 gold pieces at shops.

Inventory:

Hand Weapons
 a - the +4 longbow of the Spectre (weapon) {venom, rN+}
   (You acquired it on level 3 of the Dungeon)

   Any ammunition fired from it poisons the flesh of those it strikes.
   rN:        It protects you from negative energy.
 b - a +3 great sword of electrocution
 g - the +12 long sword "Vooh" {vorpal, rF- rN+ Dex+3}
   (You found it on level 13 of the Dungeon)

   It inflicts extra damage upon your enemies.
   Dex:       It affects your dexterity (+3).
   rF:        It makes you vulnerable to fire.
   rN:        It protects you from negative energy.
 w - a +0 longbow of venom
 R - a +4 great sword of protection
 U - a +2 demon blade
Missiles
 t - 5 atropa-tipped darts
 y - 5 curare-tipped darts
 T - 2 silver javelins
Armour
 e - a +0 cloak of willpower (worn)
 x - a +0 pair of boots (worn)
 B - a +1 hat (worn)
 L - a +2 pair of gloves of dexterity
Magical Staves
 G - a staff of cold
 I - a staff of earth
Jewellery
 h - the ring of the Enormous God (left claw) {rF++ EV+4 Slay+3}
   (You bought it in a shop on level 10 of the Dungeon)

   [ring of evasion]

   EV:        It affects your evasion (+4).
   Slay:      It affects your accuracy & damage with ranged weapons and melee
   (+3).
   rF:        It greatly protects you from fire.
 p - a ring of wizardry (right claw)
 r - a +6 ring of strength
 H - an amulet of regeneration (around neck)
Wands
 C - a wand of flame (40)
 P - a wand of iceblast (16)
 S - a wand of paralysis (11)
Scrolls
 f - 16 scrolls of identify
 i - 3 scrolls of immolation
 k - 2 scrolls of fog
 o - a scroll of enchant armour
 z - a scroll of silence
 E - 2 scrolls of holy word
 J - a scroll of fear
 O - 3 scrolls of amnesia
 Q - a scroll of enchant weapon
 X - 2 scrolls of blinking
 Z - 3 scrolls of magic mapping
Potions
 c - 2 potions of invisibility
 d - 2 potions of ambrosia
 j - 4 potions of heal wounds
 m - 9 potions of curing
 n - 5 potions of cancellation
 q - 2 potions of flight
 s - a potion of magic
 v - 2 potions of attraction
 A - 2 potions of brilliance
 D - 2 potions of mutation
 F - 2 potions of might
 K - 6 potions of resistance
 M - a potion of lignification
 N - 3 potions of berserk rage
 W - 2 potions of haste
Miscellaneous
 u - a lightning rod (4/4)
 Y - a phantom mirror


   Skills:
 + Level 14.3 Fighting
 - Level 9.0(12.2) Short Blades
 + Level 13.0(14.1) Long Blades
 * Level 17.1 Bows
 + Level 6.0 Dodging
 - Level 0.8 Stealth
 - Level 6.5 Spellcasting
 + Level 9.6 Conjurations
 * Level 10.5 Earth Magic
 - Level 5.7 Poison Magic


You had 13 spell levels left.
You knew the following spells:

 Your Spells              Type           Power      Damage    Failure   Level
a - Ignite Poison         Fire/Tmut/Pois 9%         N/A       9%          3
b - Iskenderun's Mystic   Conj/Tloc      18%        2d6       9%          4
c - Iron Shot             Conj/Erth      16%        9d4       16%         6
d - Ozocubu's Armour      Ice            4%         N/A       17%         3

Your spell library contained the following spells:

 Spells                   Type           Power      Damage    Failure   Level
 Poisonous Vapours        Pois/Air       24%        N/A       2%          2
 Mephitic Cloud           Conj/Pois/Air  18%        N/A       2%          3
 Lee's Rapid Deconstruct  Erth           16%        3d11*     2%          5
 Apportation              Tloc           8%         N/A       6%          1
 Spider Form              Tmut/Pois      12%        N/A       6%          3
 Olgreb's Toxic Radiance  Pois           20%        N/A       6%          4
 Leda's Liquefaction      Hex/Erth       9%         N/A       7%          4
 Petrify                  Tmut/Erth      19%        N/A       7%          4
 Corpse Rot               Necr/Air       8%         N/A       9%          2
 Ensorcelled Hibernation  Hex/Ice        8%         N/A       9%          2
 Fulminant Prism          Conj/Hex       9%         3d7       9%          4
 Call Canine Familiar     Summ           4%         N/A       17%         3
 Gell's Gravitas          Tloc           4%         N/A       17%         3
 Lesser Beckoning         Tloc           4%         N/A       17%         3
 Portal Projectile        Hex/Tloc       8%         N/A       17%         3
 Teleport Other           Tloc           4%         N/A       17%         3
 Freezing Cloud           Conj/Ice/Air   6%         6-21      38%         5
 Alistair's Intoxication  Tmut/Pois      8%         N/A       43%         5
 Anguish                  Hex/Necr       2%         N/A       50%         4
 Cause Fear               Hex            2%         N/A       50%         4
 Dragon Form              Tmut           2%         N/A       100%        7
 Ozocubu's Refrigeration  Ice            2%         4d5       100%        7
 Ignition                 Fire           2%         3d3       100%        8
 Dragon's Call            Summ           2%         N/A       100%        9
 Shatter                  Erth           16%        3d16*     100%        9


Dungeon Overview and Level Annotations

Branches:
Dungeon (15/15)            Temple (0/1) D:6            Lair (6/6) D:9
  Swamp (0/4) Lair:2        Snake (4/4) Lair:3        Slime (0/5) Lair:5
    Orc (2/2) D:11            Elf (0/3) Orc:2        Vaults (0/5) D:13
 Depths (0/4) D:15          Sewer (visited)         Ossuary (visited)
 Bailey (visited)

Altars:
Dithmenos
Gozag
Hepliaklqana
Okawaru
Beogh

Shops:
D:1 [   D:9 ?   D:10 =   D:11 ?   D:12 *   D:15 *(   Orc:2 *([*   Snake:3 *

Annotations:
D:13 3 runed translucent doors, p0werm0de's ghost, journeyman VSFi
Snake:4 Louise


Innate Abilities, Weirdness & Mutations

You can breathe blasts of noxious fumes.
Your lurid green scales are hard. (AC +9)
You cannot fit into any form of body armour.
Your tail ends in a venomous barb.
Your system is resistant to poisons. (rPois)
You are cold-blooded and may be slowed by cold attacks.
You have claws for hands.
You have a pair of small horns on your head.
You have supernaturally acute eyesight. (SInv)
Your mind is acute. (Int +2)
Your flesh is heat resistant. (rF+)
You passively map a large area around you.
You are robust. (+10% HP)
Your muscles are strong. (Str +2)
Your rubbery body absorbs attacks. (AC +1, EV +1)
You have hidden genetic potential.
You have a small jelly attached to you that may absorb projectiles.


Message History

* * * LOW HITPOINT WARNING * * *
The black mamba bites you.
* * * LOW HITPOINT WARNING * * *
You hear a shout!
As you read the scroll of fear, it crumbles to dust.
You assume a fearsome visage.
The nagaraja resists with almost no effort.
The naga looks frightened!
The nagaraja resists with almost no effort.
The naga sharpshooter looks frightened!
The naga looks frightened!
The naga warrior resists with some effort.
The naga looks frightened! x2; The naga sharpshooter looks frightened!
The naga looks frightened!
The anaconda looks frightened!
The black mamba looks frightened!
The nagaraja spits poison at you. The splash of poison misses you.
The splash of poison hits the naga warrior.
The nagaraja constricts you.
* * * LOW HITPOINT WARNING * * *
The naga warrior roars a battlecry!
The nagaraja goes into a battle-frenzy!
The naga gives up.
As you read the scroll of teleportation, it crumbles to dust.
You feel strangely unstable. The nagaraja misses you.
The nagaraja constricts you.
* * * LOW HITPOINT WARNING * * *
A naga comes into view. It is wielding a +0 dire flail.
The nagaraja barely misses you. The nagaraja constricts you.
* * * LOW HITPOINT WARNING * * *
The naga warrior spits poison at you.
The splash of poison hits you but does no damage.
You resist.
You escape the nagaraja's grasp.
The nagaraja attacks as you move away! The nagaraja hits you with a +0 flail!!
* * * LOW HITPOINT WARNING * * *
The nagaraja casts a spell at you. The poison arrow hits you!
You are poisoned.
You partially resist.
You die... ,.. * *NN....#* * ,..N,, * N.....# , .N.S * ......# .NNN#

......# .....####
*.N.S..# ,
........#####......#
**
.......NN§§.........
,,
#.....§§NN§...NN....*
, ,
####..§§N@§.........
#####§§..N....... ,,
######..N...# ......#
*......# *..N...#
N.N. * , , *** , ,, ,
,


You could see a naga warrior (catching breath), 2 nagarajas, a black mamba
(fleeing) and 7 nagas.

Vanquished Creatures
  Rupert (Snake:1)
  Gastronok (Orc:1)
  Kirke (D:14)
  An orc warlord (Orc:2)
  A dire elephant (Lair:6)
  Snorg (D:10)
  An ettin (D:15)
  A fire dragon (D:15)
  Fannar (Lair:1)
  The ghost of Ajdolov the Spear-Bearer, a journeyman BaIE of Cheibriados (D:10)
  Josephine (D:14)
  3 boulder beetles
  10 hydras
  5 salamander tyrants
  7 centaur warriors
  A naga warrior (Snake:1)
  7 two-headed ogres
  A catoblepas (Lair:6)
  6 anacondas
  32 death yaks
  2 tengu warriors (D:15)
  5 naga sharpshooters
  5 shock serpents
  Sonja (D:11)
  A hell knight (D:15)
  8 salamander mystics
  Amaemon (Lair:2)
  A deep troll (D:15)
  A sea snake (shapeshifter) (D:13)
  5 naga ritualists
  6 sea snakes (Snake:1)
  A flayed ghost (D:13)
  5 deep elf pyromancers
  9 orc knights
  2 necromancers
  An oklob plant (Lair:1)
  7 manticores
  A wolf spider zombie (D:9)
  4 mana vipers
  3 cyclopes
  24 elephants
  A guardian serpent (Snake:1)
  A guardian serpent (shapeshifter) (D:13)
  17 salamanders
  3 torpor snails
  17 cane toads
  An orange demon (Lair:2)
  27 black mambas
  4 naga magi
  4 gargoyles
  2 centaur skeletons (D:9)
  Maggie (D:8)
  A yaktaur (D:15)
  4 rime drakes
  A kobold demonologist (D:13)
  An anaconda simulacrum (Lair:2)
  An unseen horror (D:12)
  2 tengu conjurers (D:15)
  13 komodo dragons
  A freezing wraith (D:14)
  3 hellwings (D:10)
  4 polar bears
  A queen bee (D:13)
  A tyrant leech (Lair:3)
  5 meliai (D:13)
  11 trolls
  7 hornets
  Prince Ribbit (Lair:1)
  7 dream sheep (Lair:6)
  29 blink frogs
  A meliai zombie (D:9)
  A shadow (D:11)
  A dire elephant simulacrum (Lair:2)
  47 yaks
  8 wyverns
  A ynoxinul (D:10)
  2 steam dragons
  8 wraiths
  Grum (D:8)
  8 basilisks
  A vampire mosquito (D:13)
  4 hogs (D:14)
  11 wargs
  Edmund (D:6)
  2 swamp worms (Lair:3)
  Duvessa (D:6)
  25 nagas
  19 water moccasins
  3 acid dragons
  A hydra simulacrum (Lair:2)
  2 sky beasts
  A black bear (Lair:1)
  54 wolves
  An ice beast (D:8)
  5 ogres
  40 orc warriors
  16 centaurs
  3 kobold brigands
  14 bullfrogs
  A necrophage (D:6)
  A gnoll sergeant (D:8)
  8 scorpions
  9 wights (D:9)
  Dowan (D:6)
  35 killer bees
  8 electric eels (Snake:1)
  7 howler monkeys
  2 centaur zombies (Ossuary)
  2 hounds (D:5)
  A komodo dragon simulacrum (Lair:2)
  6 jellies
  11 orc priests
  2 gnoll shamans
  An iguana (D:5)
  28 orc wizards
  3 scorpion zombies (Ossuary)
  A bullfrog simulacrum (Lair:2)
  4 mummies
  6 gnolls
  7 adders
  2 river rats (Sewer)
  A white imp (D:6)
  An ufetubus (D:5)
  4 worms
  3 dart slugs
  79 orcs
  7 ball pythons
  6 bats
  10 endoplasms
  4 giant cockroaches
  8 goblins
  6 hobgoblins
  17 kobolds
  2 quokkas
  A frilled lizard (Sewer)
  A goblin zombie (Ossuary)
  A hobgoblin zombie (Ossuary)
  2 kobold zombies (Ossuary)
  12 rats
940 creatures vanquished.

Vanquished Creatures (collateral kills)
  A lindwurm (Lair:6)
  A cyclops (D:12)
  A killer bee (D:13)
  A blink frog simulacrum (Lair:2)
  A goblin (D:1)
  2 jackals (D:1)
7 creatures vanquished.

Vanquished Creatures (others)
  2 centaur warriors (D:13)
  A centaur zombie (D:9)
  5 slime creatures (D:13)
  A culicivora (shapeshifter) (D:13)
  A shadow (D:8)
  A yak (Lair:5)
  A steam dragon (D:8)
  A water moccasin (Lair:4)
  A swamp drake (D:9)
  3 wolves
  5 centaurs
  7 killer bees
  An electric eel (Snake:1)
  118 jellies
  3 orc priests
  17 orcs
  3 endoplasms (Lair:5)
  A giant cockroach (Sewer)
  A kobold (D:8)
  4 bushes
  119 fungi
  111 plants
407 creatures vanquished.

Grand Total: 1354 creatures vanquished

Notes
Turn   | Place    | Note
-------+----------+-------------------------------------------
     0 | D:1      | night the Draconian Hunter began the quest for the Orb.
     0 | D:1      | Reached XP level 1. HP: 17/17 MP: 1/1
    42 | D:1      | Reached skill level 4 in Bows
   114 | D:1      | Found Qelor's Armour Boutique.
   122 | D:1      | Reached XP level 2. HP: 24/24 MP: 2/2
   410 | D:1      | Found a faded altar of an unknown god.
  1125 | D:2      | Reached XP level 3. HP: 29/29 MP: 3/3
  1630 | D:2      | Reached skill level 1 in Short Blades
  1945 | D:3      | Identified a scroll of acquirement
  1945 | D:3      | Acquired the +4 longbow of the Spectre {venom, rN+}
  1977 | D:3      | Reached XP level 4. HP: 36/36 MP: 4/4
  2227 | D:3      | Reached skill level 2 in Short Blades
  2445 | D:3      | Reached skill level 5 in Bows
  2636 | D:3      | Reached XP level 5. HP: 34/41 MP: 5/5
  2941 | D:4      | Reached XP level 6. HP: 48/48 MP: 6/6
  3246 | D:4      | Reached skill level 6 in Bows
  3522 | D:5      | Entered Level 5 of the Dungeon
  3581 | D:5      | Your scales start taking on a lurid green colour.
  3581 | D:5      | Reached XP level 7. HP: 55/55 MP: 7/7
  3581 | D:5      | Gained mutation: Your system is resistant to poisons.
                  | (rPois) [Green Draconian growth]
  3626 | D:5      | Learned a level 3 spell: Ignite Poison
  3934 | D:5      | Reached skill level 5 in Short Blades
  4430 | D:6      | Reached skill level 7 in Bows
  4573 | D:6      | Noticed Edmund
  4578 | D:6      | Killed Edmund
  4579 | D:6      | Reached XP level 8. HP: 42/61 MP: 2/8
  4620 | D:6      | Noticed Duvessa
  4622 | D:6      | Noticed Dowan
  4629 | D:6      | Killed Duvessa
  4646 | D:6      | Killed Dowan
  4690 | D:6      | Found a staircase to the Ecumenical Temple.
  4768 | D:6      | Found a glowing drain.
  4822 | Sewer    | Entered a sewer
  4983 | Sewer    | Reached skill level 8 in Bows
  4985 | Sewer    | Found a viscous altar of Jiyva.
  5011 | Sewer    | Became a worshipper of Jiyva Jasitef the Shapeless
  5492 | D:7      | Reached XP level 9. HP: 65/67 MP: 9/9
  5526 | D:7      | Reached * piety under Jiyva
  5546 | D:7      | Found a sand-covered staircase.
  5560 | Ossuary  | Entered an ossuary
  5634 | Ossuary  | Reached skill level 9 in Bows
  6287 | D:7      | Reached skill level 1 in Long Blades
  6330 | D:8      | Reached skill level 2 in Long Blades
  6398 | D:8      | Noticed Grum
  6403 | D:8      | Noticed Maggie
  6413 | D:8      | Killed Grum
  6436 | D:8      | Killed Maggie
  6437 | D:8      | Reached skill level 10 in Bows
  6437 | D:8      | Reached XP level 10. HP: 80/80 MP: 7/10
  6444 | D:8      | Found a flagged portal.
  6455 | D:8      | Reached ** piety under Jiyva
  6459 | Bailey   | Entered a bailey
  6840 | D:8      | Reached skill level 5 in Fighting
  6877 | D:8      | Noticed a centaur warrior
  6877 | D:8      | Noticed a manticore
  6878 | D:8      | Noticed a gargoyle
  6897 | D:8      | Killed a centaur warrior
  6904 | D:8      | Killed a gargoyle
  6905 | D:8      | Reached skill level 5 in Long Blades
  6906 | D:8      | Killed a manticore
  6908 | D:8      | HP: 11/83 [acid dragon/splash of acid (9)]
  7182 | D:8      | Reached skill level 11 in Bows
  7295 | D:9      | Reached *** piety under Jiyva
  7353 | D:9      | Reached XP level 11. HP: 92/92 MP: 11/11
  7446 | D:9      | Gained mutation: You passively map a small area around you.
                  | [Jiyva's grace]
  7446 | D:9      | Gained mutation: You passively map the area around you.
                  | [Jiyva's grace]
  7446 | D:9      | Gained mutation: You passively map a large area around you.
                  | [Jiyva's grace]
  7446 | D:9      | Gained mutation: You are strong-willed. (Will+) [Jiyva's
                  | grace]
  7549 | D:9      | Found Qaoschem's Magic Scroll Boutique.
  7552 | D:9      | Bought a scroll of blinking for 105 gold pieces
  7793 | D:9      | HP: 11/95 [hellwing (10)]
  7801 | D:9      | HP: 13/95 [hellwing (8)]
  7803 | D:10     | Entered Level 10 of the Dungeon
  7803 | D:10     | Reached **** piety under Jiyva
  7805 | D:10     | HP: 3/95 [acid dragon/splash of acid (10)]
  7811 | D:10     | HP: 14/95 [hellwing (13)]
  7866 | D:10     | HP: 14/95 [hellwing (10)]
  7881 | D:10     | HP: 12/95 [hellwing (9)]
  7888 | D:10     | HP: 14/95 [hellwing (1)]
  7894 | D:10     | HP: 11/95 [hellwing (5)]
  7897 | D:10     | HP: 5/95 [hellwing (6)]
  7900 | D:10     | Lost mutation: You are strong-willed. (Will+) [potion of
                  | mutation]
  7900 | D:10     | Lost mutation: You passively map a large area around you.
                  | [potion of mutation]
  7900 | D:10     | Gained mutation: You are clumsy. (Dex -2) [potion of
                  | mutation]
  7900 | D:10     | Gained mutation: A frigid envelope surrounds you and
                  | freezes all who hurt you. [potion of mutation]
  7900 | D:10     | Gained mutation: You have hidden genetic potential. [potion
                  | of mutation]
  8007 | D:10     | Noticed Ajdolov's ghost (journeyman BaIE)
  8020 | D:10     | Found a runed translucent door.
  8080 | D:10     | Noticed a two-headed ogre
  8085 | D:10     | Killed a two-headed ogre
  8102 | D:10     | Found a shadowy altar of Dithmenos.
  8105 | D:10     | Found Niruf's Jewellery Shop.
  8221 | D:10     | Noticed Snorg
  8234 | D:10     | Killed Snorg
  8420 | D:10     | Killed Ajdolov's ghost
  8421 | D:10     | Reached skill level 12 in Bows
  8429 | D:10     | Got Dispater's Papyrus of Clay
  8842 | D:11     | Reached XP level 12. HP: 81/106 MP: 12/12
  8855 | D:11     | Noticed Sonja
  8860 | D:11     | Killed Sonja
  8893 | D:11     | Noticed a boulder beetle
  8900 | D:11     | Killed a boulder beetle
  8912 | D:11     | Noticed a two-headed ogre
  8918 | D:11     | Killed a two-headed ogre
  8919 | D:11     | Reached skill level 10 in Fighting
  8924 | D:11     | Learned a level 4 spell: Iskenderun's Mystic Blast
  8989 | D:11     | Found a staircase to the Orcish Mines.
  8989 | D:11     | Noticed a two-headed ogre
  8994 | D:11     | Killed a two-headed ogre
  8995 | D:11     | Reached skill level 1 in Poison Magic
  9036 | D:11     | Lost mutation: You passively map the area around you.
                  | [Jiyva's grace]
  9036 | D:11     | Gained mutation: You have a small jelly attached to you
                  | that may absorb projectiles. [Jiyva's grace]
  9036 | D:11     | Gained mutation: You are covered in slimy tendrils that may
                  | disarm your opponents. [Jiyva's grace]
  9036 | D:11     | Gained mutation: You have supernaturally acute eyesight.
                  | (SInv) [Jiyva's grace]
  9036 | D:11     | Gained mutation: Your tail ends in a venomous barb.
                  | [Jiyva's grace]
  9145 | D:11     | Found Gohiuqys's Magic Scroll Emporium.
  9249 | D:11     | Found an opulent altar of Gozag.
  9342 | D:12     | Reached skill level 1 in Conjurations
  9358 | D:12     | Noticed a boulder beetle
  9373 | D:12     | Killed a boulder beetle
  9374 | D:12     | Reached skill level 1 in Spellcasting
  9392 | D:12     | Found Pesouwobath's Assorted Antiques.
  9454 | D:12     | Gained mutation: You expend magic power (3 MP) to
                  | strengthen your wands. [hidden potential]
  9459 | D:12     | Reached skill level 2 in Poison Magic
  9518 | D:12     | Reached ***** piety under Jiyva
  9584 | D:12     | Noticed a four-headed hydra
  9596 | D:12     | Killed a four-headed hydra
  9597 | D:12     | Reached skill level 2 in Conjurations
  9634 | D:12     | Reached skill level 2 in Spellcasting
  9803 | D:12     | Identified the +3 leather armour of Riafos {rN+ rCorr Str+8
                  | Int-2}
  9948 | D:13     | Noticed a two-headed ogre
  9950 | D:13     | Noticed a centaur warrior
  9952 | D:13     | Identified the +12 long sword "Vooh" {vorpal, rF- rN+
                  | Dex+3}
  9954 | D:13     | Noticed a two-headed ogre
  9955 | D:13     | Killed a two-headed ogre
  9955 | D:13     | Noticed a five-headed hydra
  9955 | D:13     | Noticed a two-headed ogre
 10020 | D:13     | Killed a centaur warrior
 10031 | D:13     | Noticed a centaur warrior
 10032 | D:13     | Noticed a centaur warrior
 10036 | D:13     | Killed a centaur warrior
 10044 | D:13     | Killed a centaur warrior
 10095 | D:13     | Noticed a centaur warrior
 10099 | D:13     | Killed a centaur warrior
 10100 | D:13     | Reached skill level 13 in Bows
 10102 | D:13     | Killed a two-headed ogre
 10170 | D:13     | Killed a five-headed hydra
 10171 | D:13     | Reached XP level 13. HP: 26/115 MP: 17/17
 10367 | D:13     | Gained mutation: You possess an exceptional clarity of
                  | mind. [hidden potential]
 10367 | D:13     | Lost mutation: You have hidden genetic potential. [hidden
                  | potential expressed]
 10385 | D:13     | Reached skill level 5 in Poison Magic
 10429 | D:13     | Noticed a frost giant
 10435 | D:13     | Reached skill level 10 in Long Blades
 10711 | D:9      | Found a staircase to the Lair.
 10974 | D:9      | Found the +4 Cigotuvi's embrace {rMiasma Drain rN+}
 11094 | Lair:1   | Entered Level 1 of the Lair of Beasts
 11123 | Lair:1   | Noticed Prince Ribbit
 11136 | Lair:1   | Killed Prince Ribbit
 11350 | Lair:1   | Reached skill level 5 in Conjurations
 11465 | Lair:1   | Reached skill level 1 in Earth Magic
 11467 | Lair:1   | Reached skill level 14 in Bows
 11581 | Lair:1   | Lost mutation: You have supernaturally acute eyesight.
                  | (SInv) [Jiyva's grace]
 11581 | Lair:1   | Lost mutation: You possess an exceptional clarity of mind.
                  | [Jiyva's grace]
 11581 | Lair:1   | Lost mutation: You are clumsy. (Dex -2) [Jiyva's grace]
 11581 | Lair:1   | Lost mutation: You are covered in slimy tendrils that may
                  | disarm your opponents. [Jiyva's grace]
 11581 | Lair:1   | Lost mutation: You expend magic power (3 MP) to strengthen
                  | your wands. [Jiyva's grace]
 11581 | Lair:1   | Gained mutation: Your translucent skin slightly reduces
                  | your foes' accuracy. (Stealth+) [Jiyva's grace]
 11581 | Lair:1   | Gained mutation: Your translucent skin reduces your foes'
                  | accuracy. (Stealth+) [Jiyva's grace]
 11581 | Lair:1   | Gained mutation: Your transparent skin significantly
                  | reduces your foes' accuracy. (Stealth+) [Jiyva's grace]
 11581 | Lair:1   | Gained mutation: You are covered in slimy tendrils that may
                  | disarm your opponents. [Jiyva's grace]
 11598 | Lair:1   | Noticed Fannar
 11612 | Lair:1   | Killed Fannar
 11897 | Lair:2   | Found a transporter.
 11926 | Lair:2   | Identified the +8 trident of the King {drain, Will++}
 12067 | Lair:2   | Reached skill level 2 in Earth Magic
 12193 | Lair:2   | Mutation became permanent: Your tail ends in a venomous
                  | barb. [Green Draconian growth]
 12193 | Lair:2   | Gained mutation: Your tail ends in a venomous barb. [Green
                  | Draconian growth]
 12193 | Lair:2   | Reached XP level 14. HP: 125/125 MP: 21/21
 12198 | Lair:2   | Reached ****** piety under Jiyva
 12257 | Lair:2   | Found a staircase to the Swamp.
 12274 | Lair:2   | Reached skill level 5 in Spellcasting
 12297 | Lair:2   | Noticed Amaemon
 12313 | Lair:2   | Killed Amaemon
 12515 | Lair:2   | Found a transporter.
 12799 | Lair:3   | Lost mutation: A frigid envelope surrounds you and freezes
                  | all who hurt you. [Jiyva's grace]
 12799 | Lair:3   | Lost mutation: You passively map a small area around you.
                  | [Jiyva's grace]
 12799 | Lair:3   | Lost mutation: Your transparent skin significantly reduces
                  | your foes' accuracy. (Stealth+) [Jiyva's grace]
 12799 | Lair:3   | Lost mutation: Your translucent skin reduces your foes'
                  | accuracy. (Stealth+) [Jiyva's grace]
 12799 | Lair:3   | Gained mutation: You are robust. (+10% HP) [Jiyva's grace]
 12799 | Lair:3   | Gained mutation: You are very robust. (+20% HP) [Jiyva's
                  | grace]
 12799 | Lair:3   | Gained mutation: You are extremely robust. (+30% HP)
                  | [Jiyva's grace]
 12799 | Lair:3   | Gained mutation: You have supernaturally acute eyesight.
                  | (SInv) [Jiyva's grace]
 13033 | Lair:3   | Found a staircase to the Snake Pit.
 13309 | Lair:3   | Reached skill level 12 in Fighting
 14082 | Lair:4   | Lost mutation: You are extremely robust. (+30% HP) [Jiyva's
                  | grace]
 14082 | Lair:4   | Lost mutation: You are very robust. (+20% HP) [Jiyva's
                  | grace]
 14082 | Lair:4   | Gained mutation: Your muscles are strong. (Str +2) [Jiyva's
                  | grace]
 14082 | Lair:4   | Gained mutation: Your muscles are very strong. (Str +4)
                  | [Jiyva's grace]
 14082 | Lair:4   | Gained mutation: Armour fits poorly on your pseudopods.
                  | [Jiyva's grace]
 14082 | Lair:4   | Gained mutation: Armour fits poorly on your large
                  | pseudopods. [Jiyva's grace]
 14213 | Lair:4   | You fall into a shaft and drop 2 floors!
 14213 | Lair:6   | Entered Level 6 of the Lair of Beasts
 14254 | Lair:6   | HP: 17/138 [elephant (14)]
 14411 | Lair:6   | Found a hazy altar of Hepliaklqana.
 14501 | Lair:6   | HP: 19/139 [death yak (20)]
 14505 | Lair:6   | Reached skill level 15 in Bows
 14506 | Lair:6   | HP: 16/139 [death yak (13)]
 15069 | Lair:4   | Reached XP level 15. HP: 37/147 MP: 13/24
 15264 | Lair:4   | Learned a level 6 spell: Iron Shot
 15296 | Lair:5   | Reached skill level 5 in Earth Magic
 15318 | Lair:5   | Reached skill level 2 in Dodging
 15350 | Lair:5   | HP: 20/147 [cane toad (12)]
 15911 | Lair:5   | Found a staircase to the Slime Pits.
 16207 | Lair:5   | Lost mutation: Your muscles are very strong. (Str +4)
                  | [Jiyva's grace]
 16207 | Lair:5   | Lost mutation: Armour fits poorly on your large pseudopods.
                  | [Jiyva's grace]
 16207 | Lair:5   | Lost mutation: Your translucent skin slightly reduces your
                  | foes' accuracy. (Stealth+) [Jiyva's grace]
 16207 | Lair:5   | Gained mutation: You have a pair of small horns on your
                  | head. [Jiyva's grace]
 16207 | Lair:5   | Gained mutation: You have a pair of horns on your head.
                  | [Jiyva's grace]
 16207 | Lair:5   | Gained mutation: You have a pair of large horns on your
                  | head. [Jiyva's grace]
 16207 | Lair:5   | Gained mutation: Your body has grown eyes which may confuse
                  | attackers. (Acc +3) [Jiyva's grace]
 17775 | D:12     | Slimified a frost giant
 17775 | D:12     | Noticed an acid blob
 17775 | D:12     | a frost giant changed into an acid blob
 17936 | D:13     | Found a gate to the Vaults.
 17941 | D:13     | Learned a level 3 spell: Ozocubu's Armour
 17946 | D:13     | Found a runed translucent gate.
 17946 | D:13     | Noticed p0werm0de's ghost (journeyman VSFi)
 17947 | D:13     | Found a runed translucent gate.
 17948 | D:13     | Found a runed translucent gate.
 17949 | D:13     | Identified the +3 leather armour of Zothroas {rF++}
 17951 | D:13     | Found an iron altar of Okawaru.
 18397 | D:14     | Noticed Josephine
 18401 | D:14     | Killed Josephine
 18402 | D:14     | Reached skill level 12 in Long Blades
 18546 | D:10     | Bought the ring of the Enormous God {rF++ EV+4 Slay+3} for
                  | 1096 gold pieces
 18633 | D:14     | Lost mutation: You have a pair of large horns on your head.
                  | [Jiyva's grace]
 18633 | D:14     | Lost mutation: You have supernaturally acute eyesight.
                  | (SInv) [Jiyva's grace]
 18633 | D:14     | Lost mutation: Armour fits poorly on your pseudopods.
                  | [Jiyva's grace]
 18633 | D:14     | Lost mutation: You are covered in slimy tendrils that may
                  | disarm your opponents. [Jiyva's grace]
 18633 | D:14     | Gained mutation: You have supernaturally acute eyesight.
                  | (SInv) [Jiyva's grace]
 18633 | D:14     | Gained mutation: You are agile. (Dex +2) [Jiyva's grace]
 18633 | D:14     | Gained mutation: You are very agile. (Dex +4) [Jiyva's
                  | grace]
 18633 | D:14     | Gained mutation: Your rubbery body absorbs attacks. (AC +1,
                  | EV +1) [Jiyva's grace]
 18681 | D:14     | Noticed Kirke
 18696 | D:14     | Killed Kirke
 18697 | D:14     | Reached skill level 16 in Bows
 18970 | D:14     | Reached XP level 16. HP: 158/158 MP: 21/25
 19215 | D:15     | Entered Level 15 of the Dungeon
 19581 | D:15     | Found Ipa Faur's General Store.
 19596 | D:15     | Found a staircase to the Depths.
 19620 | D:15     | Found Ubizxaas's Antique Weapon Boutique.
 20122 | Orc:1    | Entered Level 1 of the Orcish Mines
 20237 | Orc:1    | Lost mutation: You have a pair of horns on your head.
                  | [Jiyva's grace]
 20237 | Orc:1    | Lost mutation: You are very agile. (Dex +4) [Jiyva's grace]
 20237 | Orc:1    | Lost mutation: Your body has grown eyes which may confuse
                  | attackers. (Acc +3) [Jiyva's grace]
 20237 | Orc:1    | Gained mutation: Your flesh is heat resistant. (rF+)
                  | [Jiyva's grace]
 20237 | Orc:1    | Gained mutation: Your flesh is very heat resistant. (rF++)
                  | [Jiyva's grace]
 20237 | Orc:1    | Gained mutation: Your flesh is almost immune to the effects
                  | of heat. (rF+++) [Jiyva's grace]
 20237 | Orc:1    | Gained mutation: Your muscles are very strong. (Str +4)
                  | [Jiyva's grace]
 20453 | Orc:1    | Noticed Gastronok
 20464 | Orc:1    | Killed Gastronok
 20605 | Orc:2    | Entered Level 2 of the Orcish Mines
 20922 | Orc:2    | Found a staircase to the Elven Halls.
 21370 | Orc:2    | Found Ryc Subi's Weapon Emporium.
 21374 | Orc:2    | Found Eshrijod's General Store.
 21553 | Orc:2    | Found Eppiprol's Antique Armour Boutique.
 21553 | Orc:2    | Found Kiraejus's Assorted Antiques.
 21559 | Orc:2    | Bought a glowing cloak for 262 gold pieces
 21973 | Snake:1  | Entered Level 1 of the Snake Pit
 22002 | Snake:1  | You fall into a shaft and drop 1 floor!
 22144 | Snake:2  | Lost mutation: You are agile. (Dex +2) [Jiyva's grace]
 22144 | Snake:2  | Lost mutation: Your flesh is almost immune to the effects
                  | of heat. (rF+++) [Jiyva's grace]
 22144 | Snake:2  | Gained mutation: You passively map a small area around you.
                  | [Jiyva's grace]
 22144 | Snake:2  | Gained mutation: You passively map the area around you.
                  | [Jiyva's grace]
 22144 | Snake:2  | Gained mutation: You passively map a large area around you.
                  | [Jiyva's grace]
 22144 | Snake:2  | Gained mutation: You have hidden genetic potential.
                  | [Jiyva's grace]
 22446 | Snake:1  | Reached skill level 5 in Dodging
 22792 | Snake:1  | Noticed Rupert
 22803 | Snake:1  | Killed Rupert
 23258 | Snake:2  | Reached skill level 14 in Fighting
 23776 | D:9      | Bought a scroll of brand weapon for 280 gold pieces
 24047 | Snake:2  | Reached XP level 17. HP: 164/167 MP: 26/26
 24354 | Snake:2  | Reached skill level 10 in Earth Magic
 24694 | Snake:3  | Reached skill level 17 in Bows
 24733 | Snake:3  | Found Jodgh's General Store.
 24853 | Snake:3  | Lost mutation: Your flesh is very heat resistant. (rF++)
                  | [Jiyva's grace]
 24853 | Snake:3  | Lost mutation: Your muscles are very strong. (Str +4)
                  | [Jiyva's grace]
 24853 | Snake:3  | Gained mutation: You have sharp fingernails. [Jiyva's
                  | grace]
 24853 | Snake:3  | Gained mutation: You have very sharp fingernails. [Jiyva's
                  | grace]
 24853 | Snake:3  | Gained mutation: You have claws for hands. [Jiyva's grace]
 24853 | Snake:3  | Gained mutation: Your mind is acute. (Int +2) [Jiyva's
                  | grace]
 25318 | Snake:4  | Entered Level 4 of the Snake Pit
 25543 | Snake:4  | Noticed Louise
 25575 | Snake:4  | HP: 6/167 [nagaraja/+0 flail (31)]
 25575 | Snake:4  | Killed from afar by a nagaraja

Illustrated notes

Levels and vault maps discovered:
D:1:      sevenhm_arrival_forest_fort_small_6, layout_basic,
          shapermc_ecumenical_altar_mp_vishouse, serial_shops, shop,
          minmay_pentomino_v2
D:2:      layout_basic
D:3:      layout_basic, patterned_corridor
D:4:      layout_gridville
D:5:      layout_gridville
D:6:      layout_basic, minmay_temple_entry_drinking_statues,
          cheibrodos_sewer_entry_bend, uniq_edmund, uniq_duvessa
D:7:      layout_basic, gup_ossuary_entry_pyramid, minmay_hedge_maze
D:8:      minmay_the_grid_square_5x5_3x3 [minmay_the_grid_square_5x5_n,
          minmay_the_grid_square_5x5_inner_z,
          minmay_the_grid_square_5x5_tetrominoes,
          minmay_the_grid_square_5x5_shrine2,
          minmay_the_grid_square_5x5_megaprize_open,
          minmay_the_grid_square_5x5_longway,
          minmay_the_grid_square_5x5_shuriken,
          minmay_the_grid_square_5x5_almost_minimal,
          minmay_the_grid_square_5x5_forky], layout_rooms, enter_bailey_5,
          uniq_maggie, uniq_grum
D:9:      layout_irregular_city, erik_lair_dragon, serial_shops,
          nicolae_shop_behind_doors, nicolae_wwwww,
          hellmonk_guarded_unrand_cigotuvi
D:10:     layout_cave_pools, grunt_dithmenos_smoke, hellmonk_ghost_big_iron,
          serial_shops, shop, uniq_snorg
D:11:     layout_basic, minmay_orc_entry_guard_dogs, serial_shops,
          nicolae_lakefront_shop, nicolae_gozag_cash_rules_everything_around_me,
          uniq_sonja
D:12:     layout_small_grid, serial_shops, nicolae_shop_crystal,
          item_on_display_a
D:13:     regret_index_bee_streams, layout_cross, david_vaults_1,
          gammafunk_ghost_fury_of_okawaru, minmay_crystal_water
D:14:     layout_irregular_city, kennysheep_pointless_box,
          minmay_misc_feat_four_crosses, uniq_josephine, uniq_kirke
D:15:     hangedman_depths_entry_civil_slaughter, layout_long_grid,
          serial_shops, shop, shop, dreamdust_princess_corridor
Lair:1:   layout_regular_city, cheibrodos_lair_caveside_slide,
          minmay_lair_oklob_bushes, beast_lair_carwin_4, lemuel_fruit_tree,
          infiniplex_staircase_pool_2, uniq_fannar, uniq_prince_ribbit2
Lair:2:   gammafunk_cloud_chamber, layout_gridlike, swamp_mist,
          chequers_serial_rivers_room_b, dreamdust_wasp_nest,
          grunt_megastairs_2, uniq_amaemon
Lair:3:   layout_cave_pods, dummy_snake_entry, worms_lemuel,
          serial_bayou_shore_b
Lair:4:   layout_regular_city, grunt_megastairs_1
Lair:5:   layout_loops_ring, nicolae_slime_entry_slimehenge,
          grunt_forest_large_clearings, grunt_megastairs_3
Lair:6:   hangedman_lair_in_review, layout_hall_layers, basic_altar
Snake:1:  cheibrodos_snake_lava_hold, layout_basic, uniq_rupert
Snake:2:  layout_cave_shapes
Snake:3:  layout_misc_corridors, serial_shops, nicolae_shop_waterfront
Snake:4:  minmay_snake_end_coiled, layout_basic, grunt_ministairs_3,
          nicolae_large_snake_swirl, uniq_louise
Orc:1:    layout_diamond_mine, uniq_gastronok
Orc:2:    st_orc_town, layout_caves

Skill      XL: |  1  2  3  4  5  6  7  8  9 10 11 12 13 14 15 16 17 |
---------------+----------------------------------------------------+-----
Bows           | 4 5 6 7 8 10 11 12 13 14 15 16 17 | 17.1
Short Blades   | 1 2 3 4 6 8 9 |  9.0
Long Blades    | 3 6 8 9 10 11 12 13 | 13.0
Fighting       | 4 7 9 10 11 12 13 14 | 14.3
Poison Magic   | 4 5 |  5.7
Conjurations   | 3 5 7 8 9 |  9.6
Spellcasting   | 3 4 6 |  6.5
Earth Magic    | 2 4 7 9 10 | 10.5
Dodging        | 4 5 6 |  6.0
Stealth        | |  0.8

Action                   |  1- 3 |  4- 6 |  7- 9 | 10-12 | 13-15 | 16-18 || total
-------------------------+-------+-------+-------+-------+-------+-------++-------
Melee: Rapier            |     7 |     2 |    13 |    41 |       |       ||    63
       Tailslap          |       |     1 |     3 |    14 |    33 |    47 ||    98
       Great sword       |       |       |       |    45 |   146 |   235 ||   426
       Long sword        |       |       |       |       |    49 |       ||    49
       Pseudopods        |       |       |       |       |    36 |       ||    36
       Unarmed           |       |       |       |       |     9 |       ||     9
       Headbutt          |       |       |       |       |     6 |    62 ||    68
       Punch             |       |       |       |       |     1 |       ||     1
 Fire: Shortbow          |    91 |       |       |       |       |       ||    91
       Longbow           |     3 |    90 |   244 |   365 |   898 |   618 ||  2218
 Cast: Ignite Poison     |       |       |     1 |    19 |    94 |    32 ||   146
       Iskenderun's Myst |       |       |       |       |    13 |     2 ||    15
       Ozocubu's Armour  |       |       |       |       |     1 |     1 ||     2
Invok: Oozemancy         |       |       |       |     3 |     3 |       ||     6
       Slimify           |       |       |       |       |     1 |       ||     1
 Abil: Breathe Noxious F |       |       |     4 |    10 |    20 |    14 ||    48
Evoke: Wand              |       |       |       |     2 |     2 |       ||     4
  Use: Scroll            |     6 |     8 |     3 |     4 |    10 |     7 ||    38
       Potion            |       |       |       |    12 |     3 |       ||    15
 Stab: Confused          |       |       |     1 |       |     1 |     5 ||     7
       Sleeping          |       |       |       |       |       |     1 ||     1
Armor: Skin              |    12 |    10 |    68 |   202 |   439 |   181 ||   912
Dodge: Dodged            |    26 |    15 |   103 |   303 |   774 |   613 ||  1834

Table legend: (Time is in decaauts)
 A = Elapsed time spent in this place.
 B = Non-inter-level travel time spent in this place.
 C = Inter-level travel time spent in this place.
 D = Time resting spent in this place.
 E = Time spent auto-exploring this place.
 F = Levels seen in this place.
 G = Mean time per level.
                   A        B        C        D        E       F      G
               +--------+--------+--------+--------+--------+-----+--------+
         Total |  26056 |  23671 |   2385 |    931 |  16332 |  30 |  868.5 |
       Dungeon |  13340 |  11982 |   1358 |    687 |   8410 |  15 |  889.3 |
          Lair |   6911 |   6283 |    628 |    176 |   4378 |   6 | 1151.8 |
     Snake Pit |   3270 |   2910 |    360 |     31 |   2085 |   4 |  817.5 |
  Orcish Mines |   1570 |   1531 |     39 |     10 |   1045 |   2 |  785.0 |
         Sewer |    315 |    315 |      0 |      0 |    173 |   1 |  315.0 |
       Ossuary |    357 |    357 |      0 |     26 |    149 |   1 |  357.0 |
        Bailey |    289 |    289 |      0 |      0 |     90 |   1 |  289.0 |
               +--------+--------+--------+--------+--------+-----+--------+

Top non-repeatable levels by time:
  Lair:6: 1396 daAuts
     D:9: 1379 daAuts
  Lair:3: 1309 daAuts
 Snake:1: 1257 daAuts
  Lair:5: 1234 daAuts
 Snake:2: 1124 daAuts
    D:13: 1108 daAuts
   Orc:2: 1063 daAuts
     D:4: 1049 daAuts
     D:2: 1029 daAuts
  Lair:4: 1001 daAuts
  Lair:2: 990 daAuts
  Lair:1: 978 daAuts
    D:11: 955 daAuts
    D:12: 902 daAuts
